 Dungeon Crawl Stone Soup version 0.29.1-1-gd02db6906a (webtiles) character file.

Game seed: 2860903069322478089

189 groovy9 the Magician (level 6, -4/45 HPs)
             Began as a Djinni Conjurer on Sept 26, 2022.
             Was an Initiate of Ashenzari.
             Slain by Duvessa
             ... wielding a +0 short sword
              (13 damage)
             ... on level 4 of the Dungeon.
             The game lasted 00:07:13 (3934 turns).

groovy9 the Magician (Djinni Conjurer)              Turns: 3934, Time: 00:07:14

Health: -4/45      AC:  4    Str:  6    XL:     6   Next: 0%
Gold:   115        EV: 12    Int: 22    God:    Ashenzari [......] SH:  0 Dex: 11

rFire   + + .      SeeInvis .   g - staff of air
rCold   x . .      Faith    .   (no shield)
rNeg    . . .      Spirit   .   a - +0 robe
rPois   ∞          Reflect  .   n - +0 helmet
rElec   +          Harm     .   l - +0 cloak
rCorr   .          Rampage  .   (no gloves)
Will    .....                   (boots unavailable)
Stlth   ++........              (no amulet)
HPRegen 0.15/turn               (no ring)
MPRegen 0.00/turn               (no ring)

@: flying
A: sickness immunity, fire resistance 2, cold vulnerability 1, float, innate
caster, HP casting, extra vitality 1
a: Renounce Religion


You were on level 4 of the Dungeon.
You worshipped Ashenzari.
Ashenzari was noncommittal.
You visited 1 branch of the dungeon, and saw 4 of its levels.

You collected 115 gold pieces.

Inventory:

Hand Weapons
 c - a +1 dagger of electrocution
Armour
 a - a +0 robe (worn)
 l - a +0 cloak (worn)
 n - a +0 helmet (worn)
Magical Staves
 g - a staff of air (weapon)
 j - a staff of fire
Scrolls
 b - a scroll of magic mapping {unknown}
 d - a scroll of teleportation {unknown}
 e - a scroll of torment {unknown}
 h - a scroll of silence {unknown}
 i - 2 scrolls of immolation
 k - 3 scrolls of identify {unknown}
 m - 2 scrolls of noise {unknown}
Potions
 f - 2 potions of brilliance {unknown}


   Skills:
 + Level 2.7 Fighting
 - Level 2.1 Dodging
 - Level 1.5 Stealth
 * Level 4.7 Spellcasting


You couldn't memorise any spells.
You knew the following spells:

 Your Spells              Type           Power      Damage    Failure   Level
a - Magic Dart            Conj           100%       1d8       1%          1
b - Searing Ray           Conj           52%        2d6       2%          2
c - Dazzling Flash        Conj/Hex       52%        N/A       4%          3
d - Fulminant Prism       Conj/Hex       13%        3d9       14%         4
e - Iskenderun's Mystic   Conj/Tloc      26%        2d7       14%         4
f - Sting                 Tmut/Pois      100%       1d8       1%          1
g - Wereblood             Tmut           26%        N/A       2%          2
Your spell library was empty.

Dungeon Overview and Level Annotations

Branches:
Dungeon (4/15)
 Temple: D:4-7

Altars:
Ashenzari
Dithmenos
Qazlal
Yredelemnul

Annotations:
D:2 Sigmund
D:4 Duvessa


Innate Abilities, Weirdness & Mutations

You are immune to sickness and miasma.
You are immune to poison.
Your flesh is very heat resistant. (rF++)
You are vulnerable to cold. (rC-)
You float through the air rather than walking.
You learn spells naturally, not from books.
Your magical power is your life essence.
You have superior vitality. (+4 MHP)


Message History

The searing ray hits Dowan.
Dowan is heavily wounded.
Dowan hits you with a +0 dagger of draining.
The searing ray hits Dowan!
Dowan is severely wounded.
Duvessa, Sister of Dowan comes into view.
She is wielding a +0 short sword.
Duvessa attacks as you move away! Duvessa hits you with a +0 short sword.
Dowan attacks as you move away!
Dowan hits you with a +0 dagger of draining.
Casting: Searing Ray (safe; 2% risk of failure)
Confirm with . or Enter, or press ? or * to list all spells.
Aiming: Searing Ray (safe; 2% risk of failure)
Press: ? - help, Shift-Dir - straight line, f - Duvessa, p - Dowan
Aim: Duvessa, wielding a +0 short sword and wearing a +0 ring mail (85% to hit)
The searing ray hits Dowan.
Dowan is almost dead.
The searing ray hits Duvessa!
Duvessa is moderately wounded. (Press . to maintain the ray.) Dowan zaps a wand.
The puff of flame misses you. Duvessa attacks as you move away!
Duvessa hits you with a +0 short sword!
Duvessa says, "Beauty is only skin deep, and my weapons penetrate much further than that."
Casting: Searing Ray (safe; 2% risk of failure)
Confirm with . or Enter, or press ? or * to list all spells.
Aiming: Searing Ray (safe; 2% risk of failure)
Press: ? - help, Shift-Dir - straight line, f/p - Duvessa
Aim: Duvessa, wielding a +0 short sword and wearing a +0 ring mail (moderately wounded, 85% to hit)
The searing ray hits Dowan!
You kill Dowan!
Duvessa screams, "No!
How DARE you!"
Duvessa goes berserk!
The searing ray hits Duvessa.
Duvessa is moderately wounded. (Press . to maintain the ray.)
You have reached level 6!
The searing ray hits Duvessa.
Duvessa is heavily wounded.
Duvessa hits you with a +0 short sword!
* * * LOW HITPOINT WARNING * * *
Duvessa hits you with a +0 short sword!
You die...

### ### ##########.#
#.####
#..........####.....
#.............#.##
#e######.####.#.#
#@# #.# #.#.## #.#
#.# #.#.## #.# #.#
#.#.## #.# #.#
#.#.##
#.######.####'#'##
#........#........
#........#.......)
#........#........
#........#......).


You could see Duvessa (berserk).

Vanquished Creatures
  Dowan (D:4)
  A hound (D:3)
  Robin (D:3)
  3 adders
  A worm (D:2)
  A dart slug (D:1)
  4 orcs (D:4)
  4 ball pythons
  2 bats
  3 endoplasms
  A giant cockroach (D:4)
  12 goblins
  7 hobgoblins
  4 jackals (D:1)
  2 quokkas
  3 frilled lizards
  5 kobolds
  4 rats
59 creatures vanquished.

Notes
Turn   | Place    | Note
-------+----------+-------------------------------------------
     0 | D:1      | groovy9 the Djinni Conjurer began the quest for the Orb.
     0 | D:1      | groovy9 set off with the following spells memorised: Magic
                  | Dart, Searing Ray, Dazzling Flash, Fulminant Prism,
                  | Iskenderun's Mystic Blast.
     0 | D:1      | Reached XP level 1. HP: 15/15 MP: 0/0
   193 | D:1      | Reached XP level 2. HP: 7/22 MP: 0/0
   520 | D:1      | You are sucked into a shaft and drop 1 floor!
   609 | D:2      | Reached skill level 1 in Fighting
   715 | D:2      | Found a faded altar of an unknown god.
   929 | D:1      | Reached XP level 3. HP: 25/27 MP: 0/0
   929 | D:1      | Learned a level 1 spell: Sting
  1914 | D:2      | Noticed an ogre
  1942 | D:2      | Noticed Sigmund
  2232 | D:3      | Reached XP level 4. HP: 29/32 MP: 0/0
  2266 | D:3      | Reached skill level 4 in Spellcasting
  2302 | D:3      | Noticed Robin
  2306 | D:3      | Killed Robin
  2814 | D:3      | Reached XP level 5. HP: 25/38 MP: 0/0
  2814 | D:3      | Learned a level 2 spell: Wereblood
  3543 | D:4      | Found a broken altar of Ashenzari.
  3543 | D:4      | Found a shadowy altar of Dithmenos.
  3544 | D:4      | Found a stormy altar of Qazlal.
  3547 | D:4      | Became a worshipper of Ashenzari the Shackled
  3562 | D:4      | Found a basalt altar of Yredelemnul.
  3926 | D:4      | Noticed Dowan
  3929 | D:4      | Noticed Duvessa
  3933 | D:4      | Killed Dowan
  3934 | D:4      | Reached XP level 6. HP: 17/45 MP: 0/0
  3934 | D:4      | Slain by Duvessa

Illustrated notes

Levels and vault maps discovered:
D:1:      dpeg_arrival_court, layout_basic
D:2:      layout_loops_ring, hellmonk_ecumenical_altar_blasted,
          kennysheep_cross_bottleneck, minmay_tetromino_o2, uniq_sigmund
D:3:      layout_loops_corners, minivault_4, uniq_robin
D:4:      cheibrodos_greedy_goblins, layout_basic,
          nicolae_overflow_quartered_altars, guppyfry_early_lair_pool,
          uniq_natasha, uniq_duvessa

Skill      XL: |  1  2  3  4 |
---------------+-------------+-----
Fighting       | 1 2 |  2.7
Spellcasting   | 4 |  4.7
Dodging        | |  2.1
Stealth        | |  1.5

Action                   |  1- 3 |  4- 6 || total
-------------------------+-------+-------++-------
Melee: Unarmed           |     2 |       ||     2
 Cast: Magic Dart        |    73 |    56 ||   129
       Searing Ray       |       |     5 ||     5
Armor: Robe              |     1 |     4 ||     5
Dodge: Dodged            |    10 |    12 ||    22
